Cogmind - Beta 14 @@@ ROGUE MODE // 2024.08.31 @ 13:41:25 Player: Zaros426 Result: Destroyed by as-62576 with Assembled F-torch Performance ------------- Evolutions (0) 0 Regions Visited (3) 600 Robots Destroyed (26) 130 Value Destroyed (423) 423 Prototype IDs (41) 820 Alien Tech Used (0) 0 Bonus (-439) -439 TOTAL SCORE: 1534 Bonus ------- Aligned with FarCom 300 Friendly Fire -739 Cogmind --------- Core Integrity 0/250 Matter 167/300 Energy 247/265 System Corruption 10% Temperature Cool (20) Movement Treading (160) Location -10/Exiles Parts ------- > --- POWER (1) -------- Improved Ion Engine > --- PROPULSION (2) --- Light Treads Light Treads > --- UTILITY (2) ------ Large Storage Unit Targeting Computer > --- WEAPON (2) ------- AWS/Gauss > --- INVENTORY (15) --- Improved Ion Engine Cold Fusion Reactor Light Treads Structural Scanner Signal Interpreter Signal Interpreter Signal Interpreter Improved Terrain Scanner Tractor Beam AWS/Autocannon Datajack Longsword +1 Peak State ------------ > --- POWER ------------ Improved Ion Engine > --- PROPULSION ------- Light Treads Light Treads > --- UTILITY ---------- Large Storage Unit Targeting Computer > --- WEAPON ----------- AWS/Gauss > --- INVENTORY -------- Improved Ion Engine Cold Fusion Reactor Light Treads Structural Scanner Signal Interpreter Signal Interpreter Signal Interpreter Improved Terrain Scanner Tractor Beam AWS/Autocannon Datajack [Rating: 26] Favorites ----------- Power Improved Ion Engine Engine Improved Ion Engine Propulsion Light Treads Treads Light Treads Utility Targeting Computer Device Seismic Detector Storage Large Storage Unit Processor Targeting Computer Weapon Assault Rifle Energy Gun EM Pulse Gun Ballistic Gun Assault Rifle Ballistic Cannon Light Cannon Launcher Rocket Launcher Slashing Weapon Mining Claw Special Melee Weapon Datajack Build | -11 -10 -10 -10 ------- Run | Yrd Mat Min Exi Slots Evolved . | . . . . Power . | . . . . Propulsion . | . . . . Utility . | . . . . Weapon . | . . . . Parts Attached 35 | 7 11 13 4 Power 4 | 1 1 2 . Engine 4 | 1 1 2 . Core . | . . . . Reactor . | . . . . Propulsion 7 | 2 2 3 . Treads 7 | 2 2 3 . Leg . | . . . . Wheel . | . . . . Hover . | . . . . Flight . | . . . . Utility 5 | 2 3 . . Device 2 | 1 1 . . Storage 2 | 1 1 . . Processor 1 | . 1 . . Hackware . | . . . . Protection . | . . . . Artifact . | . . . . Weapon 19 | 2 5 8 4 Energy Gun 1 | 1 . . . Energy Cannon . | . . . . Ballistic Gun 9 | 1 2 5 1 Ballistic Cannon 2 | . 1 1 . Launcher 3 | . . 2 1 Special Weapon . | . . . . Impact Weapon . | . . . . Slashing Weapon 3 | . 2 . 1 Piercing Weapon . | . . . . Special Melee Weapon 1 | . . . 1 Unidentified Prototypes . | . . . . Parts Lost 6 | . . 5 1 Power 1 | . . 1 . Propulsion 3 | . . 3 . Utility . | . . . . Weapon 2 | . . 1 1 Highest Loss Streak 3 | . . 3 1 To Critical Strikes . | . . . . Average Slot Usage (%) 97 | . 99 99 86 Engine 14 | . 14 14 14 Treads 27 | . 28 27 28 Storage 14 | . 14 14 14 Processor 13 | . 13 14 14 Ballistic Gun 14 | . 13 23 1 Ballistic Cannon 7 | . 10 4 . Slashing Weapon 1 | . 2 . 1 Special Melee Weapon 1 | . . . 11 Peak Build Rating 26 | 7 10 11 26 Average Rating 9 | 5 9 10 9 On Entrance 7 | . 7 10 11 Naked Turns . | . . . . Heaviest Build 34 | 15 32 34 34 Greatest Support 40 | 40 40 40 40 Greatest Overweight (x) 1 | . . 1 . Average Overweight (x) . | . . . . Largest Inventory Capacity 15 | 8 15 15 15 Average Capacity 13 | 7 13 15 15 Most Carried 15 | 3 15 15 15 Average Carried 12 | 1 11 13 13 Final Capacity 15 | 8 15 15 15 Final Carried 15 | 3 15 14 14 Class Distribution -------------------- 100% | Mutant Dominant Class ---------------- Mutant | -10/Materials Mutant | -10/Mines Mutant | -10/Exiles Resources | -11 -10 -10 -10 ----------- Run | Yrd Mat Min Exi Matter Collected 1192 | 291 350 551 . Remotely . | . . . . Salvage Created 680 | 57 351 224 48 Parts 60 | 10 34 8 8 Haulers Intercepted . | . . . . Recyclers Shooed 2 | . 1 1 . Parts Field Recycled . | . . . . Retrieved Matter . | . . . . Parts Self-Destructed . | . . . . Prevented . | . . . . Kills | -11 -10 -10 -10 ------- Run | Yrd Mat Min Exi Combat Hostiles Destroyed 35 | . 11 19 5 Melee 1 | . . . 1 Guns 13 | . 1 12 . Cannons 11 | . 10 1 . AOE 10 | . . 6 4 Classes Destroyed 8 | 1 6 1 . Builder 1 | . 1 . . Tunneler 4 | 3 . 1 . Recycler 1 | . 1 . . Operator 1 | . 1 . . Watcher 3 | . 3 . . Swarmer 9 | . 6 3 . Grunt 6 | . 5 1 . Assembled 20 | . . 15 5 Best Kill Streak 7 | 3 3 7 5 Combat Bots Only 7 | . 2 7 5 Max Kills in Single Turn 2 | 1 1 2 2 Gunslinging 1 | . . 1 . Exploded 2 | . . 2 2 Melee 1 | . . . 1 Uniques/NPCs Destroyed 1 | . . . 1 EX-BIN (-10/Exiles) Combat | -11 -10 -10 -10 -------- Run | Yrd Mat Min Exi Hostile Shots Fired 110 | . 33 65 12 Missed 25 | . 11 12 2 Damage Taken 1339 | . 205 986 148 Core 251 | . 43 155 53 Absorbed by Shields . | . . . . Core Remaining (%) 100 | 100 . . . Volleys Fired 112 | 7 52 49 4 Largest 2 | 2 2 2 1 Hottest 60 | 60 60 55 33 Shots Fired 199 | 10 94 92 3 Gun 137 | 10 53 74 . Cannon 54 | . 41 13 . Launcher 8 | . . 5 3 Special . | . . . . Kinetic 187 | 7 93 87 . Thermal . | . . . . Explosive 8 | . . 5 3 Electromagnetic 4 | 3 1 . . Robot Hit Streak 8 | 5 8 8 1 Robot Miss Streak 6 | 1 4 6 2 Penetration Max . | . . . . Secondary Targets 3 | . . 3 . Max Gunslinging Chain 1 | . . 1 . Shots Hit Robots 119 | 7 50 51 11 Core Hits 74 | 3 24 37 10 Critical Kills 1 | . . 1 . Critical Parts Destroyed . | . . . . Critical Strikes 3 | . 1 2 . Destroy 1 | . . 1 . Blast 2 | . 1 1 . Melee Attacks 23 | . 13 . 10 Impact . | . . . . Slashing 16 | . 13 . 3 Piercing . | . . . . Sneak Attacks 7 | . . . 7 Combat Hostiles . | . . . . Follow-up Attacks . | . . . . Damage Inflicted 2594 | 84 806 1250 454 Guns 984 | 84 364 536 . Cannons 570 | . 442 128 . Explosions 860 | . . 586 274 Melee 180 | . . . 180 Ramming . | . . . . Kinetic 1511 | 56 791 664 . Thermal . | . . . . Explosive 860 | . . 586 274 Electromagnetic 43 | 28 15 . . Impact . | . . . . Slashing 180 | . . . 180 Piercing . | . . . . Highest Corruption 10 | . 1 10 10 Average Corruption 3 | . 1 4 10 Corruption Purged . | . . . . Corruption Blocked . | . . . . Effects 59 | . 8 27 24 Message Errors 14 | . 1 7 6 Matter Fused 14 | . 2 4 8 Heat Flow Errors 9 | . 1 5 3 Energy Discharges 8 | . 3 4 1 Data Loss (minor) 6 | . . 3 3 Data Loss (major) 2 | . 1 . 1 Misfires 2 | . . 2 . Alerts 2 | . . 1 1 Weapon Failures 2 | . . 1 1 Overload Shots . | . . . . Overflow Damage 57 | . 3 15 39 Projectiles 3 | . 3 . . Explosions 15 | . . 15 . Melee 39 | . . . 39 Knockbacks 3 | . 3 . . Impact . | . . . . Kinetic 3 | . 3 . . Secondary . | . . . . Self-Inflicted Damage 94 | . . 94 . Shots 3 | . . 3 . Rammed . | . . . . Targets Rammed . | . . . . Kicked . | . . . . Crushed . | . . . . Highest Temperature 230 | . 119 230 229 Average Temperature 65 | . 20 78 73 Received Heat Transfer 294 | . 60 105 129 Siege Activations . | . . . . Robots Corrupted . | . . . . Combat Hostiles . | . . . . Parts Fried . | . . . . Impact Corruptions . | . . . . Robots Melted . | . . . . Combat Hostiles . | . . . . Parts Melted . | . . . . Heat Transferred . | . . . . Parts Sabotaged . | . . . . Parts Stolen . | . . . . Parts Stripped . | . . . . Power Chain Reactions . | . . . . Alert | -11 -10 -10 -10 ------- Run | Yrd Mat Min Exi Peak Influence 197 | 15 197 152 . Initial 9 | . 9 . . Average 31 | 7 37 19 . Maximum Alert Level . | . . . . Low Security (%) 100 | 100 100 100 . Level 1 . | . . . . Level 2 . | . . . . Level 3 . | . . . . Level 4 . | . . . . Level 5 . | . . . . High Security . | . . . . Max Security . | . . . . Squads Dispatched 1 | . 1 . . Investigation 1 | . 1 . . Extermination . | . . . . Reinforcement . | . . . . Assault . | . . . . Garrison . | . . . . Intercept . | . . . . Searches Triggered . | . . . . Construction Impeded . | . . . . Haulers Reinforced . | . . . . Active Scanning Responses . | . . . . Cargo Convoy Interrupts . | . . . . Stealth | -11 -10 -10 -10 --------- Run | Yrd Mat Min Exi Distress Signals 2 | . 2 . . Communications Jammed . | . . . . Distress Signals . | . . . . Times Spotted 59 | . 24 28 7 Peak Tracking Total 9 | . 4 6 9 Tactical Retreats 8 | . 3 5 . Traps | -11 -10 -10 -10 ------- Run | Yrd Mat Min Exi Traps Triggered 1 | . 1 . . Indirectly . | . . . . Trap Hack Attempts . | . . . . Triggered . | . . . . Disarmed . | . . . . Reprogrammed . | . . . . Reused . | . . . . Traps Extracted . | . . . . Installed . | . . . . Triggered . | . . . . Machines | -11 -10 -10 -10 ---------- Run | Yrd Mat Min Exi Machines Disabled 3 | . 1 . 2 Max in Single Turn 1 | . 1 . 1 Machines Repaired . | . . . . Machines Dismantled . | . . . . Machines Sabotaged . | . . . . Overloaded Fab Kills . | . . . . Hacking | -11 -10 -10 -10 --------- Run | Yrd Mat Min Exi Machines Accessed 12 | . 8 1 3 Terminals 9 | . 8 1 . Fabricators . | . . . . Repair Stations . | . . . . Recycling Units . | . . . . Scanalyzers . | . . . . Garrison Access . | . . . . Total Hacks 77 | . 41 3 33 Successful 57 | . 23 1 33 Failed 20 | . 18 2 . Catastrophic 1 | . 1 . . Database Lockouts . | . . . . Manual 31 | . 27 3 1 Terminals 44 | . 41 3 . Fabricators . | . . . . Repair Stations . | . . . . Recycling Units . | . . . . Scanalyzers . | . . . . Garrison Access . | . . . . Terminal Hacks 46 | . 12 1 33 Record 34 | . 2 . 32 Part Schematic 2 | . 1 1 . Robot Analysis 2 | . 2 . . Prototype ID Bank 2 | . 2 . . Emergency Access Points 1 | . 1 . . Terminal Index 1 | . 1 . . Locate Traps 2 | . 2 . . Hauler Manifests 1 | . 1 . . Derelict Proto ID Bank 1 | . . . 1 Fabricator Hacks . | . . . . Repair Station Hacks . | . . . . Recycling Unit Hacks . | . . . . Scanalyzer . | . . . . Garrison Access Hacks . | . . . . Unauthorized Hacks 11 | . 11 . . Terminals 11 | . 11 . . Track 1 | . 1 . . Botnet 3 | . 3 . . Skim 7 | . 7 . . Fabricators . | . . . . Repair Stations . | . . . . Recycling Units . | . . . . Scanalyzers . | . . . . Garrison Access . | . . . . Data Cores Recovered 1 | . 1 . . Used . | . . . . Hacking Detections 9 | . 8 1 . Full Trace Events 4 | . 4 . . Feedback Events . | . . . . Feedback Blocked . | . . . . Robot Schematics Acquired . | . . . . Robots Built . | . . . . Authchips . | . . . . Time . | . . . . Total Robot Build Rating . | . . . . Part Schematics Acquired 2 | . 1 1 . Parts Built . | . . . . Authchips . | . . . . Time . | . . . . Total Part Build Rating . | . . . . Parts Repaired . | . . . . Time . | . . . . Parts Recycled . | . . . . Recycled Matter . | . . . . Retrieved Matter . | . . . . Retrieved Components . | . . . . Parts Scanalyzed . | . . . . Part Schematics Acquired . | . . . . Parts Damaged . | . . . . Bothacking | -11 -10 -10 -10 ------------ Run | Yrd Mat Min Exi Used RIF Installer . | . . . . Robots Hacked 5 | . . . 5 Non-combat 3 | . . . 3 Combat 2 | . . . 2 Robot Hacks Applied 5 | . . . 5 parse_system 5 | . . . 5 Relay Couplers Released . | . . . . Fabnet Peak Effective % . | . . . . Robots Rewired . | . . . . Allies Hacked . | . . . . Hacks Repelled . | . . . . Allies | -11 -10 -10 -10 -------- Run | Yrd Mat Min Exi Total Allies 3 | . . 3 . Largest Group 3 | . . 3 2 Highest-Rated Group 40 | . . 40 24 Highest-Rated Ally 16 | . . 16 16 Total Orders . | . . . . Ally Attacks 18 | . . 5 13 Total Damage 163 | . . 56 107 Kills 2 | . . 1 1 Allies Corrupted 1 | . . 1 . Allies Melted . | . . . . Intel | -11 -10 -10 -10 ------- Run | Yrd Mat Min Exi Robot Analysis Total 2 | . 2 . . Derelict Logs Recovered 2 | . . 2 . Drone Launches . | . . . . Drone Recoveries . | . . . . Exploration | -11 -10 -10 -10 ------------- Run | Yrd Mat Min Exi Turns Passed 4979 | 113 2888 1321 657 Spaces Moved 2224 | 57 1065 716 386 Core 7 | 7 . . . Treads 2217 | 50 1065 716 386 Legs . | . . . . Wheels . | . . . . Hover . | . . . . Flight . | . . . . Fastest Speed 50 | 50 160 160 160 Average Speed 159 | 146 160 160 160 Slowest Speed 240 | 160 160 240 160 Overloaded Moves . | . . . . Propulsion Burnouts . | . . . . Robots Hopped . | . . . . Cave-ins Triggered . | . . . . Exploration Rate (%) 67 | 4 99 98 68 Regions Visited 3 Branch Regions 2 Pre-discovered Areas 1 | . . . 1 Known Exits Taken . | . . . . Unknown Exits Taken 3 | 1 1 1 . Scrap Searched 2 | . . 2 . Spaces Dug 5 | . 5 . . Terrain Destroyed 50 | . 5 30 15 Melee 5 | . 5 . . Projectile . | . . . . AOE 45 | . . 30 15 Terrain Rammed . | . . . . Walls Destroyed . | . . . . Machines Disabled . | . . . . Actions | -11 -10 -10 -10 --------- Run | Yrd Mat Min Exi Total 3420 | 73 2132 797 418 Wait 978 | . 964 11 3 Move 2221 | 56 1064 715 386 Hop . | . . . . Pick Up 31 | 3 18 6 4 Fast Attach 10 | 7 1 1 1 Attach 8 | . . 6 2 Detach . | . . . . Swap 17 | . 10 6 1 Drop 20 | . 10 3 7 Fire 112 | 7 52 49 4 Melee 23 | . 13 . 10 Ram . | . . . . Kick . | . . . . Crush . | . . . . Escape Stasis . | . . . . Rewire . | . . . . Trap . | . . . . Miscellaneous . | . . . . Route ------- -11/Scrapyard -10/Materials (discovered 6 exits: [*Mat x3] / *Min x2 / [*Sub]) -10/Mines (discovered 3 exits: [*Mat x2] / *Exi) -10/Exiles History --------- Turn | Location | Event 6 | -11/Scrapyard | Discovered new exit (range 15) 114 | -11/Scrapyard | Entered Materials 331 | -10/Materials | Build established: Mutant 448 | -10/Materials | Discovered new exit (range 16) 644 | -10/Materials | Discovered new exit (range 9) 938 | -10/Materials | Discovered new exit (range 14) 1165 | -10/Materials | Discovered new exit (range 10) 1388 | -10/Materials | Discovered new exit (range 11) 2055 | -10/Materials | Discovered new exit (range 8) 3002 | -10/Materials | Entered Mines 3009 | -10/Mines | Received a Rocket Launcher from a helpful Derelict 3050 | -10/Mines | Discovered new exit (range 7) 3179 | -10/Mines | Deemed a non-threat by the Exiles lab entrance 3179 | -10/Mines | Discovered new exit (range 5) 3363 | -10/Mines | Discovered new exit (range 10) 3414 | -10/Mines | Assembled infested the area 3419 | -10/Mines | Assisted by a Guerilla fighting off Assembled 3419 | -10/Mines | Learned location of 1 exit from Materials 3442 | -10/Mines | Learned Materials stockpile data 3489 | -10/Mines | Core integrity fell below 50% 3520 | -10/Mines | Lost 3 parts (2n1w) 3525 | -10/Mines | Destroyed 7 combat bots 4029 | -10/Mines | Assisted by bots powering up and referring to "LRC-V3" 4104 | -10/Mines | System corruption reached 10% 4323 | -10/Mines | Entered Exiles 4323 | -10/Exiles | Accompanied by 2 allies 4362 | -10/Exiles | Met 8R-AWN 4392 | -10/Exiles | Met EX-HEX 4436 | -10/Exiles | Met EX-BIN 4618 | -10/Exiles | Met EX-DEC 4643 | -10/Exiles | Visited The Gauntlet 4766 | -10/Exiles | Learned location of Zion (-7) 4829 | -10/Exiles | Aligned with FarCom system 4830 | -10/Exiles | Given EX-Vault access code 4872 | -10/Exiles | Opened EX-Vault 4883 | -10/Exiles | Found Longsword +1 4891 | -10/Exiles | Found AWS/Gauss 4897 | -10/Exiles | Found AWS/Autocannon 4932 | -10/Exiles | Warned to stay clear of 0b10 Research branches 4946 | -10/Exiles | Murdered EX-BIN 4947 | -10/Exiles | Attacked by the Exiles 4964 | -10/Exiles | Core integrity fell below 20% 4980 | -10/Exiles | Destroyed by as-62576 with Assembled F-torch Last Messages --------------- 04946_ Destroyed Mak. Hover Unit. 04946_ EX-BIN: "You can't kill me, my evil twin will get revenge!" 04946_ EX-BIN destroyed. 04947_ EXILES: Hostile robot within lab perimeter. Defensive protocols time, folks! 04950_ Acquired Cold Fusion Reactor. 04960_ ID>JVCHWKSGRFU>X=CW<%FLX 04960_ BIN's Workstation disabled. 04960_ as-79468 destroyed. 04962_ System corrupted: Rocket Launcher failed to launch. 04964_ Machine disabled. 04964_ as-76533 destroyed. 04966_ as-87919 destroyed. 04966_ as-33812 destroyed. 04967_ Mercenary 1a destroyed. 04967_ Rocket Launcher destroyed. 04968_ Destroyed Asb. Hover Unit. 04970_ as-09677 destroyed. 04973_ as-86557 destroyed. 04979_ Dropped Longsword +1. 04980_ Acquired Longsword +1. Map ----- +----------------------------------------------------+ | ??????????????????# # #??????????????????????? | | ??????????????????# X #??????????????????????? | | ??????????????????# [[/ #??????????????????????? | | ??????????????????# / #??????????????????????? | | ??????????????????## ##??????????????????????? | | ??????????????????#X #???????????????????????? | | ??????????????????## #???????????????????????? | | ???????????????????# #???????????????????????? | | ???????????????????# #???###?????????????????? | | ???????????????????# #??"""""????????????????? | | ???????????????????# ## """????????????????? | | ???????????????????# X""????????????????? | | ???????????????????# ## """????????????????? | | ????????????#####??# #??"""""????????????????? | | ????????????""""""?# #???###?????????????????? | | ???????????#"""" ## #???????????????????????? | | ???????????#""X" #???????????????????????? | | ???????????#" #???????????????????????? | | ???????????#" ## #???????????????????????? | | ???????????#""""""?# #?#########?????????????? | | ???????????##"###??# #?#"""""""#?????????????? | | ???????????? ??????# #?#"""""""#?????????????? | | ???????????????????# #?#"""""""#?????????????? | | ??????????????????## ###"" """"#?????????????? | | ??????????????????#" """"#?????????????? | | ??????????????????#" @ !"""#?????????????? | | ??????????????????#" !!"""#?????????????? | | ??????????????????#" !%"""#?????????????? | | ????#######???????#" g!"""#?????????????? | | ???? """#???????#" %a! !"""##????????????? | | ???#"" """#???????## % """""????????????? | | ???#"" #????????# """##????????????? | | ???#"" #????????#" X" """""????????????? | | ???#"" "#???????# " #?????????????? | | ???# ""????????# """"""#?????????????? | | ????"" "?????????# ######?????????????? | | ?????# #????????# ####??????????????????? | | ???### ###?######" #?????????????????????? | | ####X# #"###""""" ??????????????????????? | | """""" " ##???###########???????? | | "" """ " #####"""""""""##??????? | | " " " """ """"##?????? | | "" " #?????? | | " """#?????? | | " "#?????? | | " "##????? | | ""###??? | | " """""" """#??? | | ######""" "#??? | | ""##????#####""" ##?? | +----------------------------------------------------+ Best States ------------- Heat Dissipation 25 Energy Generation 12 Energy Capacity 265 Matter Stores 300 Matter Capacity 300 Sight Range 16 Terrain Scan Density 10 Evasion (%) 40 Targeting Accuracy 5 Recoil Reduction 2 Item Schematics ----------------- Huge Storage Unit | -10/Materials | Hacked Hcp. Storage Unit | -10/Mines | Hacked Robot Schematics ------------------ None Fabricated ------------ Nothing Alien Tech Used ----------------- None Achievements -------------- None Challenges ------------ None Game ------ Seed BehemothGunScanner Manual? 0 Play Time 00:32:43 Cumulative 38.8 hours Start 2024.08.31 @ 13:09:00 End 2024.08.31 @ 13:41:25 Sessions 1 Manual Loads 0 Difficulty Rogue Special Mode None Game No. 25 Rogue 25 Adventurer 0 Explorer 0 Win Type - Total 0 Types 0/0/0/0/0/0/0/0/0 Lore% 33 Gallery% 44 Achievement% 39 Wizard Run 0 Options --------- Layout 0 ASCII 0 Keyboard 0 Movement Mouse Keybinds 0 Fullscreen 1 Font 24/Smallcaps Map View 183x50 Zoom Use 0% Tactical HUD 1 Map Filters NONE Filters NONE Steam 0 RUN: ade6c025-e029-402a-b902-15d7237ce3c7